 Dungeon Crawl Stone Soup version 0.20.1-1-g8b1a95d (webtiles) character file.

235 letownia2 the Grave Robber (level 5, -5/42 HPs)
             Began as a Deep Dwarf Necromancer on Nov 4, 2017.
             Slain by a black bear (9 damage)
             ... on level 4 of the Dungeon.
             The game lasted 00:05:09 (1645 turns).

letownia2 the Grave Robber (Deep Dwarf Necromancer) Turns: 1645, Time: 00:05:09

Health: -5/42      AC:  3    Str: 12    XL:     5   Next: 76%
Magic:  0/9        EV: 12    Int: 16    God:
Gold:   40         SH:  0    Dex: 13    Spells: 6/10 levels left

rFire    . . .     SeeInvis .   a - +0 spear
rCold    . . .     Gourm    .   (no shield)
rNeg     . . .     Faith    .   e - +0 leather armour
rPois    .         Spirit   .   (no helmet)
rElec    .         Reflect  .   (no cloak)
rCorr    .         Harm     .   (no gloves)
MR       .....                  (no boots)
Stlth    ++........             (no amulet)
Regen    0.0/turn               (no ring)
MPRegen  0.2/turn               (no ring)

@: non-regenerating
A: damage resistance, heal wounds, sense surroundings 1, no regeneration
a: Heal Wounds


You were on level 4 of the Dungeon.
You were hungry.

You visited 1 branch of the dungeon, and saw 5 of its levels.

You collected 40 gold pieces.

Inventory:

Hand Weapons
 a - a +0 spear (weapon)
Armour
 e - a +0 leather armour (worn)
Scrolls
 k - a scroll of identify {unknown}
 l - a scroll of remove curse {unknown}
Potions
 d - 2 potions of curing {unknown}
 f - a potion of agility {unknown}
 g - a potion of brilliance {unknown}
 h - a potion of heal wounds {unknown}
 i - 2 potions of cancellation {unknown}
Books
 b - a book of Necromancy

   Spells                             Type                      Level
   a - Pain                           Necromancy                   1
   b - Animate Skeleton               Necromancy                   1
   c - Vampiric Draining              Necromancy                   3
   d - Regeneration                   Charms/Necromancy            3
   e - Animate Dead                   Necromancy                   4
   f - Control Undead                 Necromancy                   4
Comestibles
 c - 2 bread rations
 j - a meat ration
 m - 2 chunks of flesh


   Skills:
 - Level 2.1 Dodging
 - Level 2.4 Stealth
 + Level 3.2 Spellcasting
 + Level 6.8 Necromancy


You had 6 spell levels left.
You knew the following spells:

 Your Spells              Type           Power        Failure   Level  Hunger
a - Pain                  Necr           ###.         1%          1    None
v - Vampiric Draining     Necr           ###.......   4%          3    ###....


Dungeon Overview and Level Annotations

Branches:
Dungeon (5/15)
 Temple: D:4-7

Altars:

Annotations:
D:3 soepske's ghost, amateur DsIE
D:4 Grinder


Innate Abilities, Weirdness & Mutations

You are resistant to damage.
You can heal yourself by infusing magical energy.
You passively map a small area around you.
You do not regenerate.


Message History

The black bear claws you but does no damage.
Unknown command.
Unknown command.
You hit the black bear.
The black bear is almost dead.
The black bear goes berserk!
Unknown command.
You hit the black bear.
The black bear is almost dead.
The black bear bites you!
* * * LOW HITPOINT WARNING * * *
The black bear claws you.
* * * LOW HITPOINT WARNING * * *
The black bear claws you but does no damage.
The black bear bites you. The black bear claws you.
* * * LOW HITPOINT WARNING * * *
The black bear claws you.
* * * LOW HITPOINT WARNING * * *
The black bear bites you!
You die...

###
#.......#..#.#####..#
#. # #.......##.#.#
#..#######g #
#.......##...#
###.....g.... #
########.....#
#.......##### #
#...[.# #.#...#.#
#...#># #.##.##.#
#...#.# #.##....#
#(..#h# #.#######
#...@.###.#
###.......# #...#####
#...# ##### ###


You could see a black bear (berserk).

Vanquished Creatures
  A scorpion (D:4)
  A howler monkey (D:4)
  A hound (D:4)
  An iguana (D:4)
  4 gnolls (D:4)
  3 adders (D:4)
  An adder skeleton (D:4)
  A dart slug (D:2)
  2 leopard geckos (D:4)
  2 orcs (D:4)
  2 giant cockroaches
  3 kobolds
  A quokka (D:4)
  A ball python (D:4)
  2 bats
  A frilled lizard (D:4)
  2 rats
29 creatures vanquished.

Notes
Turn   | Place    | Note
-------+----------+-------------------------------------------
     0 | D:1      | letownia2 the Deep Dwarf Necromancer began the quest for the Orb.
     0 | D:1      | Reached XP level 1. HP: 15/15 MP: 3/3
   184 | D:3      | Noticed a hound
   201 | D:2      | Reached XP level 2. HP: 22/22 MP: 0/5
   266 | D:3      | Noticed soepske's ghost (amateur DsIE)
   283 | D:4      | Reached skill level 5 in Necromancy
   283 | D:4      | Reached XP level 3. HP: 19/28 MP: 0/6
   311 | D:4      | Learned a level 3 spell: Vampiric Draining
   537 | D:4      | Reached XP level 4. HP: 18/36 MP: 3/7
   612 | D:4      | Reached skill level 6 in Necromancy
  1243 | D:4      | Reached XP level 5. HP: 37/42 MP: 0/9
  1338 | D:4      | Noticed Grinder
  1497 | D:5      | Entered Level 5 of the Dungeon
  1498 | D:5      | Noticed a black bear
  1645 | D:4      | Slain by a black bear

Skill      XL: |  1  2  3  4  5 |
---------------+----------------+-----
Spellcasting   | 2 3 |  3.2
Necromancy     | 5 6 |  6.8
Dodging        | |  2.1
Stealth        | |  2.4

Action                   |  1- 3 |  4- 6 || total
-------------------------+-------+-------++-------
Melee: Unarmed           |    24 |       ||    24
       Spear             |       |     6 ||     6
 Cast: Pain              |    22 |    18 ||    40
       Vampiric Draining |     2 |    23 ||    25
  Eat: Chunk             |       |     5 ||     5
Armor: Robe              |     1 |       ||     1
       Leather armour    |    12 |    12 ||    24
Dodge: Dodged            |    37 |    32 ||    69
